 Dungeon Crawl Stone Soup version 0.29-a0-330-g52719c12eb (webtiles) character file.

Game seed: 7141216958401642904

25 kae the Firebug (level 2, -1/20 HPs)
             Began as a Demigod Fire Elementalist on Apr 29, 2022.
             Slain by Terence
             ... wielding a +0 flail
              (9 damage)
             ... on level 2 of the Dungeon.
             The game lasted 00:00:38 (1661 turns).

kae the Firebug (Demigod Fire Elementalist)         Turns: 1661, Time: 00:00:38

Health: -1/20      AC:  2    Str:  9    XL:     2   Next: 63%
Magic:  2/7        EV: 12    Int: 17    God:
Gold:   58         SH:  0    Dex: 14    Spells: 4/5 levels left

rFire   + . .      SeeInvis .   i - +0 mace
rCold   . . .      Faith    .   (no shield)
rNeg    . . .      Spirit   .   a - +0 robe
rPois   .          Reflect  .   (no helmet)
rElec   .          Harm     .   (no cloak)
rCorr   .          Rampage  .   (no gloves)
Will    .....                   (no boots)
Stlth   ++........              (no amulet)
HPRegen 0.06/turn               d - ring of protection from fire
MPRegen 0.10/turn               (no ring)

@: no status effects
A: high MP 1, forlorn, divine attributes
a: no special abilities


You were on level 2 of the Dungeon.
You visited 1 branch of the dungeon, and saw 2 of its levels.

You collected 58 gold pieces.

Inventory:

Hand Weapons
 i - a +0 mace (weapon)
Armour
 a - a +0 robe (worn)
Magical Staves
 g - a staff of earth
Jewellery
 d - a ring of protection from fire (left hand)
Scrolls
 f - a scroll of magic mapping
Potions
 b - a potion of magic
 c - 2 potions of degeneration
 e - a potion of attraction {unknown}
 j - a potion of lignification {unknown}


   Skills:
 - Level 1.7 Dodging
 - Level 1.7 Stealth
 + Level 2.2 Spellcasting
 + Level 1.5 Conjurations
 + Level 3.1 Fire Magic


You had 4 spell levels left.
You knew the following spells:

 Your Spells              Type           Power      Damage    Failure   Level
a - Foxfire               Conj/Fire      36%        2x1d5     8%          1

Your spell library contained the following spells:

 Spells                   Type           Power      Damage    Failure   Level
 Scorch                   Fire           24%        2d6       9%          2
 Conjure Flame            Conj/Fire      9%         6-21      22%         3
 Inner Flame              Hex/Fire       7%         N/A       30%         3
 Flame Wave               Conj/Fire      9%         2d5       58%         4


Dungeon Overview and Level Annotations

Branches:
Dungeon (2/15)

Annotations:
D:2 Terence


Innate Abilities, Weirdness & Mutations

You have an increased reservoir of magic. (+10% MP)
You shall have no god before yourself.
Your divine heritage dramatically boosts your attributes as you level up.


Message History

There are monsters nearby!
Casting: Foxfire (safe; 8% risk of failure)
Confirm with . or Enter, or press ? or * to list all spells.
You conjure some foxfire!
The foxfire hits the ball python.
You kill the ball python!
The foxfire hits Terence.
Terence is lightly wounded.
Terence is nearby!
Casting: Foxfire (safe; 8% risk of failure)
Confirm with . or Enter, or press ? or * to list all spells.
You conjure some foxfire!
The foxfire hits Terence but does no damage.
Terence is lightly wounded.
The foxfire hits Terence.
Terence is moderately wounded.
Terence is nearby!
Casting: Foxfire (safe; 8% risk of failure)
Confirm with . or Enter, or press ? or * to list all spells.
You conjure some foxfire!
Terence closely misses you.
The foxfire hits Terence.
Terence is moderately wounded.
The foxfire hits Terence but does no damage.
Terence is moderately wounded.
Terence completely misses you.
Terence is nearby!
Casting: Foxfire (safe; 8% risk of failure)
Confirm with . or Enter, or press ? or * to list all spells.
You conjure some foxfire!
Terence hits you with a +0 flail!
Ouch! That really hurt!
The foxfire hits Terence.
Terence is moderately wounded.
The foxfire hits Terence.
Terence is heavily wounded.
Terence closely misses you.
Terence is nearby!
Casting: Foxfire (safe; 8% risk of failure)
Confirm with . or Enter, or press ? or * to list all spells.
You conjure some foxfire!
Terence hits you with a +0 flail!
You die...

*,,,********,,,,,,,,, *,,,*
#......... *************,,,*
#......... *,,,,,,,,,,,,,***
#......... *,*********##+**
#......... *,******** #...*
#......... ,,,,,,,,,*
#...#########......... ********,*
#...§v.....##.[....... *,,,,* *,*
#...v@................ *,**,* *,*
#...@#####.#.##.###### *,**,* *,*
#....****#.#.##....... ,,**,***,*
#....,,,*#.#.######### *,**,,,,,*
#...#**,*#.#..........
*,*********#...**,,,#.######....#
*,,,,*,,,,,....,+,,,#............
****,*,***#####**,,,########.##..
*,*,* *,,,,,........##..


You could see Terence (ally target).

Vanquished Creatures
  4 ball pythons
  An endoplasm (D:1)
  2 giant cockroaches (D:1)
  2 goblins (D:1)
  2 hobgoblins (D:1)
  2 quokkas (D:1)
  2 bats (D:1)
  2 frilled lizards
  5 kobolds
  2 rats (D:1)
24 creatures vanquished.

Vanquished Creatures (others)
  88 foxfires
88 creatures vanquished.

Grand Total: 112 creatures vanquished

Notes
Turn   | Place    | Note
-------+----------+-------------------------------------------
     0 | D:1      | kae the Demigod Fire Elementalist began the quest for the
                  | Orb.
     0 | D:1      | Reached XP level 1. HP: 14/14 MP: 5/5
   130 | D:1      | Reached skill level 1 in Conjurations
   481 | D:1      | Reached XP level 2. HP: 20/20 MP: 2/7
   868 | D:1      | Reached skill level 3 in Fire Magic
  1652 | D:2      | Noticed Terence
  1661 | D:2      | Slain by Terence

Illustrated notes

Levels and vault maps discovered:
D:1:      sevenhm_arrival_forest_fort_small_4, layout_loops_ring
D:2:      layout_basic, ebering_ecumenical_altar_petrified, minmay_pentomino_t4,
          uniq_natasha, uniq_terence

Skill      XL: |  1  2 |
---------------+-------+-----
Conjurations   | 1 |  1.5
Spellcasting   | 2 |  2.2
Fire Magic     | 3 |  3.1
Dodging        | |  1.7
Stealth        | |  1.7

Action                   || total
-------------------------++-------
Melee: Unarmed           ||     9
       Staff             ||    15
       Mace              ||     4
 Cast: Foxfire           ||    57
  Use: Scroll            ||     2
Armor: Robe              ||     8
Dodge: Dodged            ||    38

Table legend: (Time is in decaauts)
 A = Elapsed time spent in this place.
 B = Non-inter-level travel time spent in this place.
 C = Inter-level travel time spent in this place.
 D = Time resting spent in this place.
 E = Time spent auto-exploring this place.
 F = Levels seen in this place.
 G = Mean time per level.
                   A        B        C        D        E       F      G
               +--------+--------+--------+--------+--------+-----+--------+
         Total |   1678 |   1606 |     72 |    194 |   1205 |   2 |  839.0 |
       Dungeon |   1678 |   1606 |     72 |    194 |   1205 |   2 |  839.0 |
               +--------+--------+--------+--------+--------+-----+--------+

Top non-repeatable levels by time:
     D:1: 1547 daAuts
     D:2: 131 daAuts
